 Dungeon Crawl Stone Soup version 0.30-b1-2-g02819fbbbe (webtiles) character file.

Game seed: 1704442769992371123

598282 Arcadio the Petrodigitator (level 26, -30/190 HPs)
             Began as a Gargoyle Earth Elementalist on May 9, 2023.
             Was the Champion of Vehumet.
             Annihilated by a juggernaut simulacrum (49 damage)
             ... in Pandemonium on May 11, 2023.
             The game lasted 08:17:47 (98233 turns).

Arcadio the Petrodigitator (GrEE)                  Turns: 98233, Time: 08:17:48

Health: -30/190    AC: 53    Str: 18      XL:     26   Next: 55%
Magic:  10/56      EV: 13    Int: 37 (38) God:    Vehumet [******]
Gold:   285        SH: 12    Dex:  7 (8)  Spells: 10/65 levels left

rFire   + + +        A - staff of earth "Ywarutin" {Will+ Dex+4}
rCold   . . .        w - +3 buckler {rC+}
rNeg    + . .        l - +6 fire dragon scales of Putigh Unwaa {rElec rPois rF++ rC- Str+6 Dex-4}
rPois   ∞            f - +2 helmet {Int+3}
rElec   +            k - +2 cloak {rCorr}
rCorr   +            I - +2 pair of gloves {Stlth+}
SInv    .            i - +2 pair of boots {rampage}
Will    +++..        D - amulet "Uthur" {Reflect +Inv Int+3 Dex-3 SH+5}
Stlth   +            V - +6 ring of intelligence
HPRegen 0.51/turn    Y - ring "Muckoq" {Will+ MP+9 Dex+3 Stlth+}
MPRegen 0.35/turn

%: reflection, rampage
@: silenced, flying, very slightly contaminated, studying 3 skills
A: sickness immunity, AC +20, big wings, negative energy resistance 1,
electricity resistance, torment resistance 1, petrification resistance, clumsy
1, fire resistance 1, robust 1, screaming 2, weak 1, no potion heal 1
}: 5/15 runes: serpentine, barnacled, slimy, silver, abyssal
a: Renounce Religion, Evoke Invisibility


You were in Pandemonium.
You worshipped Vehumet.
Vehumet was exalted by your worship.
You visited 12 branches of the dungeon, and saw 54 of its levels.
You visited Pandemonium 1 time, and saw 1 of its levels.
You visited the Abyss 1 time.
You visited 1 bazaar.
You also visited: Trove.

You collected 7906 gold pieces.
You spent 7621 gold pieces at shops.

Inventory:

Hand Weapons
 J - a +9 broad axe of freezing
 X - the +8 trishula "Condemnation" {holy, anguish, *Noise Fly rN+}
   (You found it on level 2 of the Elven Halls)

   rN:        It protects you from negative energy.
   Fly:       It grants you flight.
   *Noise:    It may make noises in combat.
Armour
 a - +1 ice dragon scales
 e - the +1 hat "Xeilana" {rF+ rN+}
   (You found it in a treasure trove)

   rF:        It protects you from fire.
   rN:        It protects you from negative energy.
 f - a +2 helmet of intelligence (worn)
 i - a +2 pair of boots of rampaging (worn)
 k - a +2 cloak of preservation (worn)
 l - the +6 fire dragon scales of Putigh Unwaa (worn) {rElec rPois rF++ rC- Str+6 Dex-4}
   (You bought it in a shop on level 4 of the Vaults)

   Str:       It affects your strength (+6).
   Dex:       It affects your dexterity (-4).
   rF:        It greatly protects you from fire.
   rC:        It makes you vulnerable to cold.
   rElec:     It insulates you from electricity.
   rPois:     It protects you from poison.
 w - a +3 buckler of cold resistance (worn)
 I - a +2 pair of gloves of stealth (worn)
Magical Staves
 A - the staff of earth "Ywarutin" (weapon) {Will+ Dex+4}
   (You found it on level 3 of the Snake Pit)

   [staff of earth]

   Base accuracy: +5 Base damage: 5 Base attack delay: 1.2 This weapon's minimum
   attack delay (0.6) is reached at skill level 12.
   Dex:       It affects your dexterity (+4).
   Will:      It increases your willpower.
   It falls into the 'Staves' category.
   It is a one-handed weapon.
Jewellery
 r - the ring of Ofrihuo {rF+ Will+ Dex+3}
   (You found it in a treasure trove)

   [ring of protection from fire]

   Dex:       It affects your dexterity (+3).
   rF:        It protects you from fire.
   Will:      It increases your willpower.
 C - a ring of see invisible
 D - the amulet "Uthur" (around neck) {Reflect +Inv Int+3 Dex-3 SH+5}
   (You found it in a treasure trove)

   [amulet of reflection]

   It reflects blocked missile attacks.
   Int:       It affects your intelligence (+3).
   Dex:       It affects your dexterity (-3).
   +Inv:      It lets you turn invisible.
   SH:        It affects your SH (+5).
 L - the ring of Doubts {rF++ Will+ AC+4}
   (You found it in a treasure trove)

   [ring of protection]

   AC:        It affects your AC (+4).
   rF:        It greatly protects you from fire.
   Will:      It increases your willpower.
 R - a ring of magical power
 V - a +6 ring of intelligence (left hand)
 W - a ring of protection from cold
 Y - the ring "Muckoq" (right hand) {Will+ MP+9 Dex+3 Stlth+}
   (You found it on level 5 of the Lair of Beasts)

   [ring of magical power]

   Dex:       It affects your dexterity (+3).
   MP:        It affects your magic capacity (+9).
   Will:      It increases your willpower.
   Stlth:     It makes you more stealthy.
Wands
 s - a wand of mindburst (38)
 z - a wand of charming (43)
 F - a wand of flame (96)
 H - a wand of digging (17)
 Q - a wand of light (15) (quivered)
 T - a wand of roots (35)
Scrolls
 g - 11 scrolls of fog
 j - 10 scrolls of blinking
 m - 15 scrolls of teleportation
 o - 10 scrolls of fear
 t - 4 scrolls of immolation
 u - 8 scrolls of poison
 v - 4 scrolls of summoning
 G - 10 scrolls of magic mapping
 K - 9 scrolls of silence
 O - 9 scrolls of vulnerability
Potions
 b - 3 potions of brilliance
 d - 8 potions of lignification
 h - 6 potions of haste
 p - 5 potions of invisibility
 q - 5 potions of resistance
 B - 10 potions of attraction
 M - 4 potions of might
 N - 7 potions of mutation
 P - 21 potions of curing
 U - a potion of berserk rage
 Z - 2 potions of cancellation
Miscellaneous
 c - a phial of floods
 E - a phantom mirror (inert)
 S - a box of beasts (inert)


   Skills:
 + Level 19.7 Fighting
 - Level 14.0 Armour
 + Level 20.4 Dodging
 - Level 2.1 Stealth
 - Level 5.0 Shields
 + Level 20.4 Spellcasting
 - Level 11.0 Conjurations
 - Level 4.5 Translocations
 - Level 0.7 Transmutations
 O Level 27 Earth Magic
 - Level 3.4 Invocations
 - Level 11.6 Evocations


You had 10 spell levels left.
You knew the following spells:

 Your Spells              Type           Power      Damage    Failure   Level
a - Shatter               Erth           75%        3d55*     1%          9
b - Iron Shot             Conj/Erth      66%        9d12      1%          6
c - Iskenderun's Battles  Conj           88%        2d14      1%          5
d - Lehudib's Crystal Sp  Conj/Erth      66%        10d15     1%          8
e - Lee's Rapid Deconstr  Erth           75%        3d34*     0%          5
f - Blink                 Tloc           100%       N/A       1%          2
g - Mephitic Cloud        Conj/Pois/Air  60%        N/A       1%          3
h - Passwall              Tmut/Erth      99%        N/A       0%          2
i - Leda's Liquefaction   Hex/Erth       58%        N/A       1%          4
j - Petrify               Tmut/Erth      100%       N/A       1%          4
k - Sandblast             Erth           100%       2d20      0%          1
l - Stone Arrow           Conj/Erth      100%       3d13      0%          3
m - Swiftness             Air            37%        N/A       8%          3

Your spell library contained the following spells:

 Spells                   Type           Power      Damage    Failure   Level
 Ignition                 Fire           18%        3d7       100%        8
 Beastly Appendage        Tmut           86%        N/A       1%          1
 Foxfire                  Conj/Fire      100%       2x1d9     1%          1
 Freeze                   Ice            100%       1d10      1%          1
 Magic Dart               Conj           100%       1d8       1%          1
 Shock                    Conj/Air       100%       1d9       1%          1
 Lesser Beckoning         Tloc           100%       N/A       1%          2
 Momentum Strike          Conj/Tloc      100%       3d10      1%          2
 Scorch                   Fire           74%        2d8       1%          2
 Static Discharge         Conj/Air       100%       2-7/arc   1%          2
 Dazzling Flash           Conj/Hex       100%       N/A       1%          3
 Hailstorm                Conj/Ice       68%        3d14      1%          3
 Ignite Poison            Fire/Tmut/Pois 39%        N/A       1%          3
 Volatile Blastmotes      Fire/Tloc      100%       2d18      1%          3
 Animate Armour           Summ/Erth      100%       N/A       1%          4
 Flame Wave               Conj/Fire      68%        2d15      1%          4
 Iskenderun's Mystic Bla  Conj/Tloc      77%        2d15      1%          4
 Sticky Flame             Conj/Fire      68%        2d8       1%          4
 Borgnjor's Vile Clutch   Necr/Erth      58%        N/A       1%          5
 Irradiate                Conj/Tmut      34%        3d23      1%          5
 Sting                    Tmut/Pois      100%       1d8       2%          1
 Summon Small Mammal      Summ           100%       N/A       2%          1
 Wereblood                Tmut           43%        N/A       2%          2
 Frozen Ramparts          Ice            74%        1d12      2%          3
 Arcjolt                  Conj/Air       34%        1d44      2%          5
 Fireball                 Conj/Fire      34%        3d14      2%          5
 Call Imp                 Summ           74%        N/A       3%          2
 Ensorcelled Hibernation  Hex/Ice        74%        N/A       3%          2
 Portal Projectile        Hex/Tloc       100%       N/A       3%          3
 Vhi's Electric Charge    Tloc/Air       100%       N/A       3%          3
 Manifold Assault         Tloc           64%        N/A       3%          4
 Passage of Golubria      Tloc           64%        N/A       3%          4
 Spider Form              Tmut/Pois      40%        N/A       7%          3
 Orb of Destruction       Conj           44%        9d12      7%          7
 Call Canine Familiar     Summ           37%        N/A       8%          3
 Ozocubu's Armour         Ice            37%        N/A       8%          3
 Summon Guardian Golem    Hex/Summ       37%        N/A       8%          3
 Conjure Ball Lightning   Conj/Air       34%        3x3d11    11%         6
 Starburst                Conj/Fire      34%        6d10      11%         6
 Anguish                  Hex/Necr       18%        N/A       26%         4
 Animate Dead             Necr           37%        N/A       26%         4
 Cause Fear               Hex            18%        N/A       26%         4
 Blade Hands              Tmut           21%        N/A       45%         5
 Spellforged Servitor     Conj/Summ      34%        N/A       47%         7
 Alistair's Intoxication  Tmut/Pois      26%        N/A       52%         5
 Dispersal                Tloc           32%        N/A       52%         6
 Agony                    Necr           37%        N/A       56%         5
 Metabolic Englaciation   Hex/Ice        18%        N/A       56%         5
 Silence                  Hex/Air        18%        N/A       56%         5
 Eringya's Noxious Bog    Tmut/Pois      20%        N/A       61%         6
 Plasma Beam              Fire/Air       18%        2x1d33    65%         6
 Death Channel            Necr           18%        N/A       98%         6
 Simulacrum               Ice/Necr       18%        N/A       98%         6
 Summon Cactus Giant      Summ           18%        N/A       98%         6
 Ozocubu's Refrigeration  Ice            18%        4d11      99%         7
 Dragon Form              Tmut           21%        N/A       100%        7
 Enfeeble                 Hex            18%        N/A       100%        7
 Haunt                    Necr/Summ      18%        N/A       100%        7
 Storm Form               Tmut/Air       20%        N/A       100%        7
 Summon Hydra             Summ           18%        N/A       100%        7
 Disjunction              Tloc           32%        N/A       100%        8
 Infestation              Necr           18%        N/A       100%        8
 Maxwell's Capacitive Co  Air            18%        ∞         100%        8
 Chain Lightning          Conj/Air       34%        3d45      100%        9
 Fire Storm               Conj/Fire      34%        8d9       100%        9
 Polar Vortex             Ice            18%        N/A       100%        9
 Statue Form              Tmut/Erth      Unusable   N/A       N/A         6
 Sublimation of Blood     Necr           Unusable   N/A       N/A         2

Dungeon Overview and Level Annotations

Branches:
Dungeon (15/15) Zot: 21908  Temple (1/1) D:4 Zot: 5998    Lair (5/5) D:10 Zot: 16368
 Shoals (4/4) Lair:3 Zot: 18701   Snake (4/4) Lair:3 Zot: 15539   Slime (5/5) Lair:5 Zot: 25097
    Orc (2/2) D:12 Zot: 8591     Elf (3/3) Orc:2 Zot: 14995  Vaults (5/5) D:14 Zot: 18215
  Crypt (1/3) Vaults:2 Zot: 5992  Depths (4/4) D:15 Zot: 13880     Zot (5/5) Depths:4 Zot: 20127

Altars:
Ashenzari
Dithmenos
Hepliaklqana
Okawaru
Qazlal
Trog
Vehumet
Wu Jian
Xom
Jiyva

Shops:
D:12 [[   D:14 :   D:15 [   Orc:2 ?*[(   Snake:2 [   Snake:4 (?:   Vaults:4 [
Vaults:5 *   Depths:3 *

Portals:
Hell: Depths:1 Depths:2 Depths:3 Depths:4
Abyss: Depths:3
Pandemonium: Depths:2
Ziggurat: Depths:1

Annotations:
D:10 4 transporters
D:12 8 runed translucent doors
Lair:3 exclusion: oklob plant
Elf:2 3 runed translucent doors
Pan exclusion: 2 ice statues


Innate Abilities, Weirdness & Mutations

You are immune to sickness and miasma.
Your stone body is resilient. (AC +20)
You are immune to poison.
Your large and strong wings let you fly.
You resist negative energy. (rN+)
You are resistant to electric shocks. (rElec)
You are resistant to unholy torment.
You are immune to petrification.
You are clumsy. (Dex -2)
Your flesh is heat resistant. (rF+)
You are robust. (+10% HP)
You frequently scream uncontrollably at your foes.
You are weak. (Str -2)
Potions are less effective at restoring your health.


Message History

You block the demonic crawler's attack.
The demonic crawler attacks as you move away!
The demonic crawler barely misses you.
The demonic crawler completely misses you.
You block the demonic crawler's attack.
The demonic crawler attacks as you move away!
The demonic crawler hits you but does no damage. x2
The demonic crawler barely misses you.
The demonic crawler attacks as you move away!
The demonic crawler misses you. You block the demonic crawler's attack.
The demonic crawler hits you but does no damage.
The demonic crawler is no longer absorbing vital energies.
You block the demonic crawler's attack. The demonic crawler barely misses you.
The demonic crawler completely misses you.
Aim the phial where?
Press: ? - help, Shift-Dir - straight line, f/p - cacodemon
Aim: a cacodemon (silenced, moderately wounded, unaffected by silence)
Okay, then.
The demonic crawler attacks as you move away!
You block the demonic crawler's attack. The demonic crawler barely misses you.
The demonic crawler hits you but does no damage.
The blizzard demon attacks as you move away!
The blizzard demon hits you but does no damage.
You block the blizzard demon's attack.
The demonic crawler attacks as you move away!
You block the demonic crawler's attack. The demonic crawler barely misses you.
The demonic crawler hits you but does no damage.
You rampage towards the smoke demon!
The blizzard demon waves its arms in wide circles.
The air twists around and strikes you.
The smoke demon enters a dispersal trap!
The demonic crawler blinks!
The cacodemon blinks!
The blizzard demon blinks!
You blink.
The juggernaut simulacrum hits you!
The juggernaut simulacrum freezes you!!!
* * * LOW HITPOINT WARNING * * *
The juggernaut simulacrum hits you!
* * * LOW HITPOINT WARNING * * *
The juggernaut simulacrum freezes you!!!
You die...

...#..3........#......
...#..#........#......
####..####'#####..#####
..... ... ....# ..#
..... .... ...# ...#
..... ........# ...#
.#### ##'####..#....#
... ......'..#....#
.... #@.'....# ....
#.Z#....# ... #..# ..#
#..# # #..# #..# #2.#
################..#####
........6...2§.§...3...


You could see a blizzard demon and a juggernaut simulacrum.

Vanquished Creatures
  the Royal Jelly (Slime:5)
  An ancient lich (Vaults:5)
  An orb of fire (Zot:3)
  4 juggernauts
  Sojobo (Vaults:5)
  3 Killer Klowns
  A pandemonium lord (Pan)
  A caustic shrike (Depths:2)
  Nikola (Snake:3)
  8 golden dragons
  An electric golem (Zot:2)
  The ghost of DavidChitty2 the Messiah, an adept HOFi of Beogh (Depths:1)
  An Ice Fiend (Pan)
  Jorgrun (D:12)
  2 liches
  5 Orb Guardians
  22 tentacled monstrosities
  A walking earthen tome (Depths:3)
  6 titans
  3 quicksilver dragons
  The ghost of Dadghomedgh the Thaumaturge, an adept GnHW of Sif Muna (Snake:2)
  16 acid blobs
  A walking divine tome (Depths:3)
  8 death cobs
  4 tentacled starspawn (Abyss:3)
  12 tengu reavers
  Polyphemus (Shoals:2)
  Kirke (Shoals:2)
  5 sphinxes
  13 storm dragons
  8 shadow dragons
  11 rockslimes
  3 draconian monks
  Roxanne (Shoals:4)
  8 fire giants
  A demonspawn warmonger (Pan)
  10 frost giants
  12 azure jellies
  7 nagarajas
  A deep elf sorcerer (Vaults:5)
  2 draconian knights
  Aizul (Snake:4)
  2 draconian scorchers
  4 ghost moths
  An orc warlord (Vaults:4)
  14 vault wardens
  7 draconian shifters
  A demonspawn blood saint (Pan)
  2 spriggan defenders
  10 quicksilver oozes
  2 cacodemons (Pan)
  A draconian stormcaller (Zot:1)
  24 ironbound preservers
  20 very ugly things
  3 draconian annihilators (Zot:2)
  A caustic shrike skeleton (Depths:3)
  Nessos (Lair:5)
  An ironbound thunderhulk (Vaults:1)
  A vampire knight (Depths:2)
  A war gargoyle (Vaults:5)
  8 green draconians
  12 black draconians
  3 deep elf demonologists (Vaults:5)
  20 stone giants
  9 purple draconians
  9 white draconians
  2 deep elf annihilators (Vaults:5)
  15 dire elephants
  A lorocyproca (Pan)
  9 red draconians
  8 yellow draconians
  4 blizzard demons (Pan)
  2 spark wasps (Depths:1)
  9 ettins
  Josephine (D:11)
  3 entropy weavers
  5 merfolk javelineers
  4 merfolk impalers
  21 yaktaur captains
  6 fire dragons
  Harold (D:11)
  A deep elf high priest (Depths:4)
  Fannar (Lair:1)
  6 great orbs of eyes
  5 rakshasas
  5 ice dragons
  31 vault guards
  An ogre mage (D:15)
  2 spriggan air magi
  4 merfolk avatars
  7 hydras
  7 ironbound frosthearts
  5 catoblepae
  4 salamander tyrants
  A peacekeeper (Vaults:4)
  7 anacondas
  An alligator snapping turtle (Shoals:4)
  2 juggernaut simulacra
  12 centaur warriors
  8 tengu warriors
  A hell beast (Pan)
  7 merfolk aquamancers
  8 two-headed ogres
  4 death knights
  A two-headed ogre (shapeshifter) (Vaults:4)
  13 naga warriors
  5 deep troll shamans
  6 boulder beetles
  A satyr (Shoals:3)
  17 dancing weapons
  9 death yaks
  3 deep troll earth magi
  2 spriggan berserkers
  6 shock serpents
  A titan zombie (D:15)
  23 hell knights
  9 deep elf knights
  2 skeletal warriors
  9 naga sharpshooters
  3 soul eaters (Pan)
  A titan skeleton (Vaults:4)
  A storm dragon skeleton (Depths:3)
  5 sixfirhies
  5 iron trolls
  8 skysharks
  9 salamander mystics
  4 glowing orange brains
  9 naga ritualists
  13 sea snakes
  A flayed ghost (Depths:3)
  A shadow demon (Pan)
  65 deep trolls
  A golden dragon skeleton (Depths:3)
  14 orc knights
  6 phantasmal warriors
  26 ironbound convokers
  A swamp dragon (Zot:4)
  A tengu zombie (Vaults:4)
  5 lindwurms
  12 necromancers
  3 starcursed masses (Abyss:3)
  5 wizards
  15 deep elf pyromancers
  A shadow dragon zombie (D:15)
  8 deep elf zephyrmancers
  8 deep elf archers
  23 harpies
  4 large abominations (Abyss:3)
  40 ugly things
  A tengu skeleton (Vaults:4)
  20 salamanders
  A stone giant zombie (D:15)
  13 mana vipers
  5 shining eyes
  A fire giant zombie (Vaults:3)
  4 cyclopes
  14 manticores
  4 fauns
  31 moths of wrath
  7 elephants
  5 water nymphs
  An ice statue (Pan)
  10 merfolk sirens
  20 naga magi
  4 guardian serpents
  2 eyes of devastation (Slime:4)
  5 gargoyles
  19 vault sentinels
  27 black mambas
  2 demonic crawlers (Pan)
  2 smoke demons
  3 orange demons (Pan)
  9 cane toads
  A hellion (Depths:2)
  3 unseen horrors
  A yaktaur zombie (Vaults:4)
  A yaktaur (shapeshifter) (Depths:1)
  8 komodo dragons
  3 kobold demonologists
  5 rime drakes
  34 yaktaurs
  2 efreet
  7 freezing wraiths
  4 tengu conjurers
  28 merfolk
  3 ice devils (Pan)
  A tormentor (Abyss:3)
  4 burning bushes (Lair:4)
  A yaktaur skeleton (Vaults:4)
  An ancient zyme (Abyss:3)
  2 red devils (Depths:2)
  2 human skeletons
  2 polar bears
  A tengu simulacrum (Vaults:4)
  A meliai (D:15)
  A human zombie (Vaults:4)
  8 wind drakes
  A hellwing (Pan)
  A merfolk (shapeshifter) (Vaults:5)
  9 trolls
  22 blink frogs
  The ghost of Discosetron the Shooter, an amateur BaHu of Ru (D:5)
  Grinder (D:4)
  A hornet (D:9)
  A raiju (Abyss:2)
  7 dream sheep (Lair:5)
  7 snapping turtles
  83 slime creatures
  6 air elementals
  An ettin skeleton (D:15)
  A culicivora (shapeshifter) (Vaults:5)
  A culicivora (Vaults:5)
  17 water elementals
  A shadow (D:12)
  A spriggan (shapeshifter) (Depths:1)
  4 wyverns
  2 vampires
  3 ynoxinuls
  2 fire bats (Depths:1)
  A hog (shapeshifter) (D:15)
  8 wraiths
  2 hogs (Shoals:2)
  An unseen horror simulacrum (D:10)
  2 steam dragons
  A basilisk (shapeshifter) (D:13)
  6 basilisks
  70 yaks
  4 fire elementals (Elf:1)
  12 golden eyes
  17 humans (D:14)
  A chaos spawn (Abyss:3)
  9 redbacks
  A redback (shapeshifter) (Vaults:5)
  5 neqoxecs
  A swamp worm (shapeshifter) (Vaults:2)
  5 vampire mosquitoes
  57 nagas
  An acid dragon (D:10)
  7 wargs (Orc:2)
  17 water moccasins
  30 orc warriors
  A black bear (D:5)
  An ice beast (D:7)
  11 ogres
  2 phantoms (D:5)
  8 wolves
  10 centaurs
  4 kobold brigands
  10 bullfrogs
  3 gnoll sergeants
  3 scorpions
  4 earth elementals (Elf:1)
  8 wights
  5 small abominations
  16 killer bees (D:9)
  3 electric eels (Lair:2)
  8 howler monkeys
  4 lava snakes (Depths:1)
  A bullfrog zombie (D:5)
  2 human simulacra
  7 orc priests
  A jelly (D:5)
  A quasit (Abyss:2)
  A bullfrog skeleton (D:5)
  2 hounds
  3 gnoll boudas
  2 sleepcaps
  A centaur skeleton (D:5)
  15 orc wizards
  Ijyb (D:3)
  5 iguanas
  A centaur simulacrum (D:10)
  27 gnolls
  5 adders
  A shadow imp (D:7)
  2 white imps (D:6)
  A howler monkey simulacrum (D:10)
  2 ufetubi
  A worm (D:3)
  3 dart slugs
  80 orcs
  7 ball pythons
  6 endoplasms
  5 giant cockroaches
  9 goblins
  6 hobgoblins
  7 jackals
  2 quokkas
  8 bats
  4 frilled lizards
  22 kobolds
  5 rats
  8 fire vortices (Depths:1)
2095 creatures vanquished.

Vanquished Creatures (collateral kills)
  An ironbound preserver (Vaults:1)
  A soul eater (Pan)
  Lodul (D:11)
3 creatures vanquished.

Vanquished Creatures (others)
  An eldritch tentacle (Pan)
  A yellow draconian (Zot:2)
  2 sun demons (Pan)
  A hellwing (Pan)
  A human (D:14)
  A naga (Snake:3)
  A human skeleton (Depths:3)
  An orc priest (Orc:2)
  2 orc wizards
  An orc (Orc:2)
  2 foxfires (Abyss:3)
  20 fungi
  118 plants
  7 starspawn tentacles (Abyss:3)
  5 withered plants (D:15)
164 creatures vanquished.

Grand Total: 2262 creatures vanquished

Notes
Turn   | Place    | Note
-------+----------+-------------------------------------------
     0 | D:1      | Arcadio the Gargoyle Earth Elementalist began the quest for
                  | the Orb.
     0 | D:1      | Reached XP level 1. HP: 10/10 MP: 3/3
   123 | D:1      | Reached XP level 2. HP: 15/15 MP: 3/5
   391 | D:1      | Reached skill level 1 in Conjurations
   423 | D:1      | Found a faded altar of an unknown god.
   472 | D:1      | Reached skill level 4 in Earth Magic
   630 | D:1      | Reached XP level 3. HP: 19/19 MP: 2/6
   737 | D:1      | Learned a level 3 spell: Stone Arrow
  1090 | D:1      | You fall into a shaft and drop 1 floor!
  1569 | D:2      | Reached XP level 4. HP: 22/24 MP: 4/7
  1769 | D:2      | Identified the +2 robe "Acsaiw" {rN+ Slay+2 Stlth-}
  2421 | D:3      | Found a radiant altar of Vehumet.
  2448 | D:3      | Became a worshipper of Vehumet
  2507 | D:3      | Learned a level 2 spell: Passwall
  2510 | D:3      | Learned a level 2 spell: Blink
  2771 | D:3      | Found a hazy altar of Hepliaklqana.
  2904 | D:3      | Reached XP level 5. HP: 28/28 MP: 7/9
  3062 | D:4      | Noticed Grinder
  3115 | D:4      | Noticed Ijyb
  3258 | D:3      | Killed Ijyb
  3259 | D:3      | Reached skill level 5 in Earth Magic
  3446 | D:4      | Reached XP level 6. HP: 28/32 MP: 4/10
  3514 | D:4      | Found a staircase to the Ecumenical Temple.
  3523 | Temple   | Entered the Ecumenical Temple
  3575 | D:4      | Paralysed by Grinder for 3 turns
  3579 | D:4      | Killed Grinder
  3580 | D:4      | Reached XP level 7. HP: 31/36 MP: 2/12
  3672 | D:4      | Found a broken altar of Ashenzari.
  3672 | D:4      | Found a stormy altar of Qazlal.
  3955 | D:4      | Reached * piety under Vehumet
  3955 | D:4      | Offered knowledge of Foxfire by Vehumet.
  3969 | D:4      | Learned a level 4 spell: Petrify
  4568 | D:4      | Reached skill level 6 in Earth Magic
  5101 | D:5      | Entered Level 5 of the Dungeon
  5154 | D:5      | Found a transporter.
  5320 | D:5      | Reached XP level 8. HP: 41/41 MP: 10/14
  5779 | D:5      | Reached skill level 7 in Earth Magic
  5928 | D:5      | Found a transporter.
  5954 | D:5      | Noticed Discosetron's ghost (amateur BaHu)
  5965 | D:5      | Reached skill level 5 in Spellcasting
  6501 | D:6      | Offered knowledge of Magic Dart by Vehumet.
  6726 | D:6      | Noticed a yak
  6760 | D:6      | Reached ** piety under Vehumet
  6924 | D:6      | Noticed a yak
  6936 | D:6      | Killed a yak
  6937 | D:6      | Reached skill level 5 in Dodging
  6969 | D:6      | Noticed a yak
  6972 | D:6      | Reached skill level 8 in Earth Magic
  6973 | D:6      | Killed a yak
  6974 | D:6      | Reached XP level 9. HP: 45/45 MP: 13/17
  7151 | D:6      | Found an ornate altar of the Wu Jian Council.
  7299 | D:6      | Offered knowledge of Ignite Poison by Vehumet.
  7625 | D:7      | Found an iron altar of Okawaru.
  7669 | D:7      | Reached skill level 9 in Earth Magic
  7819 | D:7      | Reached *** piety under Vehumet
  8306 | D:8      | Learned a level 3 spell: Summon Guardian Golem
  8439 | D:8      | Reached XP level 10. HP: 32/50 MP: 18/20
  8443 | D:8      | Reached skill level 10 in Earth Magic
  8614 | D:8      | Offered knowledge of Mephitic Cloud by Vehumet.
  9438 | D:9      | Noticed a two-headed ogre
  9451 | D:9      | Learned a level 3 spell: Mephitic Cloud
  9534 | D:9      | Killed a two-headed ogre
  9535 | D:9      | Reached skill level 11 in Earth Magic
  9697 | D:9      | Reached **** piety under Vehumet
 10267 | D:9      | Reached XP level 11. HP: 54/54 MP: 18/23
 10268 | D:9      | Offered knowledge of Iskenderun's Battlesphere by Vehumet.
 10597 | D:10     | Entered Level 10 of the Dungeon
 10791 | D:10     | Found a staircase to the Lair.
 10910 | D:10     | Learned a level 5 spell: Iskenderun's Battlesphere
 11006 | D:10     | Found a transporter.
 11008 | D:10     | Noticed a two-headed ogre
 11026 | D:10     | Found a transporter.
 11026 | D:10     | Found a transporter.
 11026 | D:10     | Noticed a deep elf pyromancer
 11030 | D:10     | Noticed a cyan ugly thing
 11030 | D:10     | Noticed a deep elf archer
 11041 | D:10     | Noticed a deep elf pyromancer
 11097 | D:10     | Found a transporter.
 11114 | D:10     | Identified the +8 rapier of the Median {elec, Drain rC+
                  | Str+2}
 11115 | D:10     | Found a transporter.
 11189 | D:10     | Reached skill level 12 in Earth Magic
 12246 | Lair:1   | Entered Level 1 of the Lair of Beasts
 12268 | Lair:1   | Noticed Fannar
 12290 | D:11     | Noticed Harold
 12295 | D:11     | Killed Harold
 12878 | D:11     | Learned a level 4 spell: Leda's Liquefaction
 13037 | D:11     | Noticed Josephine
 13093 | D:11     | Noticed a purple ugly thing
 13100 | D:11     | Killed a purple ugly thing
 13563 | D:11     | Killed Josephine
 13563 | D:11     | Reached ***** piety under Vehumet
 13676 | D:11     | Offered knowledge of Olgreb's Toxic Radiance by Vehumet.
 13677 | D:11     | Reached skill level 13 in Earth Magic
 13819 | D:11     | Found a bloodstained altar of Trog.
 13922 | D:11     | Reached skill level 10 in Spellcasting
 14066 | D:11     | Reached XP level 12. HP: 59/59 MP: 10/26
 14255 | D:11     | Noticed Lodul
 14710 | D:11     | Noticed a two-headed ogre
 14716 | D:11     | Killed a two-headed ogre
 14811 | D:11     | Noticed a two-headed ogre
 14815 | D:11     | Killed a two-headed ogre
 14984 | D:11     | Killed Lodul
 15285 | D:12     | Learned a level 5 spell: Lee's Rapid Deconstruction
 15300 | D:12     | Noticed a boulder beetle
 15330 | D:12     | Killed a boulder beetle
 15477 | D:12     | Reached skill level 14 in Earth Magic
 15477 | D:12     | Noticed an eight-headed hydra
 15770 | D:12     | Killed an eight-headed hydra
 15923 | D:12     | Reached skill level 10 in Dodging
 16044 | D:12     | Noticed an animated plate armour
 16046 | D:12     | Found Biutuff's Armour Emporium.
 16048 | D:12     | Noticed an animated storm dragon scales
 16056 | D:12     | Bought a +2 robe of resistance for 490 gold pieces
 16069 | D:12     | Noticed Jorgrun
 16144 | Lair:1   | Killed Fannar
 16544 | Lair:1   | Reached skill level 5 in Conjurations
 17543 | Lair:2   | Reached XP level 13. HP: 63/63 MP: 12/28
 19042 | Lair:2   | Reached skill level 15 in Earth Magic
 19762 | Lair:3   | Found a staircase to the Snake Pit.
 20392 | Lair:3   | Offered knowledge of Airstrike by Vehumet.
 21081 | Lair:3   | Found a staircase to the Shoals.
 22884 | Lair:4   | Gained mutation: Your large and strong wings let you fly.
                  | [Gargoyle growth]
 22884 | Lair:4   | Reached XP level 14. HP: 68/68 MP: 15/30
 23307 | Lair:5   | Entered Level 5 of the Lair of Beasts
 23321 | Lair:4   | Learned a level 8 spell: Lehudib's Crystal Spear
 24349 | Lair:5   | Noticed Nessos
 24383 | Lair:5   | Killed Nessos
 25066 | Lair:5   | Found a viscous altar of Jiyva.
 25067 | Lair:5   | Found a staircase to the Slime Pits.
 26448 | Lair:5   | Identified the ring "Muckoq" {Will+ MP+9 Dex+3 Stlth+}
 26648 | D:12     | Killed Jorgrun
 26727 | D:12     | Found a large runed translucent door.
 26770 | D:12     | Offered knowledge of Fireball by Vehumet.
 27021 | D:12     | Found a large runed translucent door.
 27024 | D:12     | Found a large runed translucent door.
 27025 | D:12     | Found a large runed translucent door.
 27026 | D:12     | Found a large runed translucent door.
 27026 | D:12     | Noticed a tengu reaver
 27070 | D:12     | Found a large runed translucent door.
 27261 | D:12     | Found Quoqaus's Antique Armour Shoppe.
 27270 | D:12     | Found a staircase to the Orcish Mines.
 27284 | D:12     | Identified a scroll of acquirement
 27305 | D:12     | Bought a pair of runed boots for 247 gold pieces
 27310 | D:12     | Acquired 837 gold pieces
 27325 | Orc:1    | Entered Level 1 of the Orcish Mines
 27338 | Orc:1    | Reached XP level 15. HP: 72/72 MP: 33/33
 27780 | Orc:2    | Entered Level 2 of the Orcish Mines
 27789 | Orc:2    | Found a staircase to the Elven Halls.
 27824 | Orc:2    | Found a flickering gateway to a bazaar.
 27836 | Bazaar   | Entered a bazaar
 27884 | Bazaar   | Found Daadaike's Distillery.
 27890 | Bazaar   | Found Leod's Distillery.
 27894 | Bazaar   | Found Unalup's Weapon Shop.
 27926 | Bazaar   | Found Laoj's Antique Armour Emporium.
 27932 | Bazaar   | Found Kuclunt's Antique Weapon Shoppe.
 28024 | Bazaar   | Bought a faintly glowing troll leather armour for 360 gold
                  | pieces
 28024 | Bazaar   | Identified the +4 troll leather armour of the Past {Regen+
                  | Str+5} (You bought it in a shop in a bazaar)
 28054 | Bazaar   | Bought 2 potions of heal wounds for 120 gold pieces
 28054 | Bazaar   | Bought a potion of resistance for 120 gold pieces
 28054 | Bazaar   | Bought a potion of cancellation for 96 gold pieces
 28054 | Bazaar   | Bought a potion of magic for 96 gold pieces
 28060 | Bazaar   | Bought a potion of heal wounds for 55 gold pieces
 28060 | Bazaar   | Bought a potion of resistance for 110 gold pieces
 28060 | Bazaar   | Bought a potion of heal wounds for 55 gold pieces
 28075 | Bazaar   | Bought a potion of invisibility for 96 gold pieces
 30037 | Orc:2    | Found Cinucil's Magic Scroll Shop.
 30037 | Orc:2    | Found Kiotuud's General Store.
 30084 | Orc:2    | Found Koisut's Armour Shop.
 30084 | Orc:2    | Found Diecw's Weapon Shoppe.
 30098 | Orc:2    | Bought a +3 broad axe of draining for 338 gold pieces
 30140 | Orc:2    | Bought a scroll of enchant armour for 105 gold pieces
 30140 | Orc:2    | Bought a scroll of fog for 56 gold pieces
 30140 | Orc:2    | Bought a potion of cancellation for 112 gold pieces
 30149 | Orc:2    | Bought a scroll of teleportation for 51 gold pieces
 30149 | Orc:2    | Bought a scroll of identify for 34 gold pieces
 30149 | Orc:2    | Bought a scroll of amnesia for 68 gold pieces
 30149 | Orc:2    | Bought a scroll of identify for 34 gold pieces
 30149 | Orc:2    | Bought a scroll of teleportation for 51 gold pieces
 30149 | Orc:2    | Bought a scroll of vulnerability for 68 gold pieces
 30149 | Orc:2    | Bought a scroll of fear for 68 gold pieces
 30149 | Orc:2    | Bought a scroll of fog for 68 gold pieces
 30404 | D:12     | Found a large runed translucent door.
 30405 | D:12     | Found a large runed translucent door.
 31351 | D:13     | Reached skill level 15 in Spellcasting
 31940 | D:13     | Found a shadowy altar of Dithmenos.
 33105 | D:14     | Found Ceirac's Self-Improvement Boutique.
 33125 | D:14     | Offered knowledge of Iron Shot by Vehumet.
 34586 | D:14     | Got the Incunabulum of the Doomed Dragon
 34625 | D:14     | Learned a level 6 spell: Iron Shot
 34791 | D:14     | Found a gate to the Vaults.
 34992 | D:14     | Found a hazy altar of Hepliaklqana.
 35246 | D:15     | Entered Level 15 of the Dungeon
 35258 | D:15     | Found a staircase to the Depths.
 35701 | D:15     | Reached skill level 10 in Conjurations
 35944 | D:15     | Reached XP level 16. HP: 63/76 MP: 24/35
 36475 | D:15     | Identified the +1 war axe of Xiogur {freeze, +Blink rN+
                  | MP-9 Str+5}
 37153 | D:15     | Found Buteq Kuu's Armour Shoppe.
 37581 | Snake:1  | Entered Level 1 of the Snake Pit
 38440 | Snake:1  | Identified the ring of Zowism {Fly Str+7 Int+3 Stlth-}
 38446 | Snake:1  | Offered knowledge of Ozocubu's Refrigeration by Vehumet.
 38768 | Snake:1  | Reached skill level 15 in Dodging
 39216 | Snake:2  | Found a runed translucent door.
 39216 | Snake:2  | Found a shimmering altar of Xom.
 39216 | Snake:2  | Noticed Dadghomedgh's ghost (adept GnHW)
 39780 | Snake:2  | Found Ofosm's Antique Armour Shop.
 40130 | Snake:3  | Noticed a nagaraja
 40147 | Snake:3  | Noticed Nikola
 40248 | Snake:3  | Killed a nagaraja
 40344 | Snake:3  | Reached XP level 17. HP: 71/80 MP: 7/37
 40388 | Snake:3  | Reached skill level 16 in Earth Magic
 40573 | Snake:3  | Killed Nikola
 41504 | Snake:3  | Identified the staff of conjuration "Qaif" {rPois Dex+2}
 41688 | Snake:3  | Offered knowledge of Freezing Cloud by Vehumet.
 41998 | Snake:3  | Identified the staff of earth "Ywarutin" {Will+ Dex+4}
 42049 | Snake:4  | Entered Level 4 of the Snake Pit
 42384 | Snake:4  | Reached skill level 1 in Armour
 43344 | Snake:4  | Noticed Aizul
 43350 | Snake:4  | Killed Aizul
 43351 | Snake:4  | Reached skill level 17 in Earth Magic
 44167 | Snake:4  | Offered knowledge of Conjure Ball Lightning by Vehumet.
 44685 | Snake:4  | Found Amaqiedu's Weapon Boutique.
 44687 | Snake:4  | Found Hadghy Fibed's Magic Scroll Shop.
 44689 | Snake:4  | Found Tubla's Book Boutique.
 44695 | Snake:4  | Bought a scroll of teleportation for 39 gold pieces
 44695 | Snake:4  | Bought a scroll of magic mapping for 97 gold pieces
 44695 | Snake:4  | Bought 3 scrolls of summoning for 370 gold pieces
 44695 | Snake:4  | Bought a scroll of fog for 52 gold pieces
 44705 | Snake:4  | Reached skill level 5 in Armour
 45328 | Snake:4  | Reached XP level 18. HP: 85/85 MP: 5/39
 46004 | Shoals:1 | Entered Level 1 of the Shoals
 46936 | Shoals:1 | Identified the +2 robe "Mitucuc" {rC+ rN+}
 47012 | Shoals:1 | Reached skill level 18 in Earth Magic
 47225 | Shoals:2 | Noticed Polyphemus
 47232 | Shoals:2 | Killed Polyphemus
 47809 | Shoals:2 | Noticed Kirke
 47979 | Shoals:2 | Killed Kirke
 48470 | Shoals:3 | Reached ****** piety under Vehumet
 48669 | Shoals:3 | Learned a level 9 spell: Shatter
 49253 | Shoals:4 | Entered Level 4 of the Shoals
 49263 | Shoals:4 | Offered knowledge of Polar Vortex by Vehumet.
 49263 | Shoals:4 | Offered knowledge of Ignition by Vehumet.
 49263 | Shoals:4 | Offered knowledge of Maxwell's Capacitive Coupling by
                  | Vehumet.
 49407 | Shoals:4 | Identified Roxanne's Grimoire of Shaping
 49407 | Shoals:4 | Noticed Roxanne
 49410 | Shoals:4 | Killed Roxanne
 49433 | Shoals:4 | Reached skill level 19 in Earth Magic
 49790 | Shoals:4 | Got Sif Muna's Incunabulum of Kindling
 50188 | Shoals:4 | Reached XP level 19. HP: 89/89 MP: 35/41
 50711 | Shoals:4 | Identified the staff of poison "Fetzuclo" {rElec rPois rC-
                  | Int+2}
 50925 | Elf:1    | Entered Level 1 of the Elven Halls
 50955 | Elf:1    | Reached skill level 1 in Shields
 51871 | Elf:1    | Paralysed by an air elemental for 1 turns
 52601 | Elf:2    | Found the +8 trishula "Condemnation" {holy, anguish, *Noise
                  | Fly rN+}
 53792 | Elf:2    | Found a runed translucent gate.
 53793 | Elf:2    | Found a runed translucent gate.
 53793 | Elf:2    | Found a runed translucent gate.
 54678 | Slime:1  | Entered Level 1 of the Pits of Slime
 55917 | Vaults:1 | Entered Level 1 of the Vaults
 55947 | Vaults:1 | Reached skill level 20 in Earth Magic
 56163 | Vaults:1 | Reached skill level 5 in Shields
 56576 | Vaults:1 | Reached skill level 1 in Invocations
 57147 | Vaults:1 | Reached XP level 20. HP: 94/94 MP: 39/43
 57535 | Vaults:1 | Reached skill level 1 in Evocations
 58745 | Vaults:2 | Reached skill level 21 in Earth Magic
 59308 | Vaults:2 | Found a staircase to the Crypt.
 59331 | Crypt:1  | Entered Level 1 of the Crypt
 60338 | Vaults:3 | Reached skill level 5 in Evocations
 61460 | Vaults:3 | Reached XP level 21. HP: 98/98 MP: 10/44
 62887 | Vaults:3 | Reached skill level 22 in Earth Magic
 63679 | Vaults:4 | Found Zogetsoc's Armour Boutique.
 63687 | Vaults:4 | Bought a +2 pair of gloves of stealth for 344 gold pieces
 63687 | Vaults:4 | Bought a +2 cloak of preservation for 344 gold pieces
 64881 | Vaults:4 | Identified the +7 scale mail of the Exiled Lovers {rN+}
 65165 | Vaults:5 | Entered Level 5 of the Vaults
 65179 | Vaults:5 | Reached skill level 23 in Earth Magic
 65179 | Vaults:5 | Reached XP level 22. HP: 90/103 MP: 45/45
 65182 | Vaults:5 | Noticed an ancient lich
 65183 | Vaults:5 | Killed an ancient lich
 65205 | Vaults:5 | Identified the +6 lajatang "Maisyl" {drain, rN+ Will+
                  | Int+5}
 65209 | Vaults:4 | Reached skill level 10 in Evocations
 65258 | Vaults:5 | Noticed Sojobo
 65490 | Vaults:5 | Killed Sojobo
 65618 | Vaults:5 | Noticed a golden dragon
 66018 | Vaults:5 | Identified the staff of earth "Kipsiy Ruym" {Contam rPois
                  | rCorr Dex-4}
 66123 | Vaults:5 | Reached skill level 24 in Earth Magic
 66229 | Vaults:5 | Killed a golden dragon
 66445 | Vaults:5 | Found Ossem's General Store.
 66737 | Vaults:5 | Identified the staff of earth "Pojyunat" {Int+2}
 66955 | Vaults:5 | Identified the staff of earth "Zonabbik" {Int+3}
 66967 | Vaults:5 | Got a silver rune of Zot
 67021 | Vaults:5 | Got the Encyclopedia of Attacks
 67739 | Snake:4  | Got a serpentine rune of Zot
 67982 | Shoals:4 | Got a barnacled rune of Zot
 68012 | Shoals:4 | Identified the ring "Wegoag" {Fire Fly Str+2 Int-3 Dex+3}
 69019 | Slime:1  | Gained mutation: Your flesh is heat resistant. (rF+) [a
                  | shining eye]
 69282 | Slime:1  | Reached skill level 1 in Fighting
 69792 | Slime:2  | Gained mutation: Your body sometimes deteriorates upon
                  | taking damage. [a shining eye]
 70517 | Slime:4  | Reached XP level 23. HP: 113/113 MP: 44/46
 71143 | Vaults:4 | Bought the +6 fire dragon scales of Putigh Unwaa {rElec
                  | rPois rF++ rC- Str+6 Dex-4} for 1737 gold pieces
 71988 | Slime:5  | Entered Level 5 of the Pits of Slime
 72034 | Slime:5  | Reached skill level 10 in Armour
 72646 | Slime:5  | Noticed the Royal Jelly
 72716 | Slime:5  | Killed the Royal Jelly
 72717 | Slime:5  | Reached skill level 5 in Fighting
 73513 | Slime:5  | Identified the +1 cloak of Henotheism {Dex+5}
 73524 | Slime:5  | Identified the +5 plate armour of Xiprytt {rF+ Will++}
 73547 | Slime:5  | Identified the +7 executioner's axe "Hoyrgh" {flame, rPois
                  | Dex+3}
 73548 | Slime:5  | Identified the staff of cold "Imitinid" {rC+ Str+5}
 73560 | Slime:5  | Identified the +7 battleaxe "Yrutem" {venom, rPois rCorr}
 73652 | Slime:5  | Got a slimy rune of Zot
 73653 | Slime:5  | Identified the staff of cold "Nukiemih" {rF+ rC+}
 74016 | Elf:3    | Entered Level 3 of the Elven Halls
 74159 | Depths:1 | Entered Level 1 of the Depths
 74268 | Depths:1 | Reached skill level 25 in Earth Magic
 74700 | D:15     | Identified the staff of earth "Kixkoh" {Str+3}
 75685 | Depths:1 | Found a gateway to Hell.
 75714 | Depths:1 | Identified the +6 sling "Sueschof" {elec, rElec Str+2
                  | Int-2}
 76151 | Depths:1 | Found a one-way gateway to a ziggurat.
 76335 | Depths:1 | Found a runed translucent door.
 76339 | Depths:1 | Noticed DavidChitty2's ghost (adept HOFi)
 77322 | Depths:2 | Noticed a juggernaut
 77422 | Depths:2 | Noticed a juggernaut
 77443 | Depths:2 | Killed a juggernaut
 77774 | Depths:2 | Noticed a caustic shrike
 77791 | Depths:2 | Killed a caustic shrike
 77895 | Depths:2 | Gained mutation: Your spells are a little harder to cast,
                  | but a little more powerful. [a neqoxec]
 78018 | Depths:2 | Reached XP level 24. HP: 134/134 MP: 39/46
 78082 | Depths:2 | Found a one-way gate leading to the halls of Pandemonium.
 78133 | Depths:2 | Identified the +7 war axe of Big Damage {flame, *Slow Dex+6
                  | SInv}
 78197 | Depths:2 | Reached skill level 1 in Translocations
 78361 | Depths:2 | Killed a juggernaut
 79109 | Depths:2 | Identified the +5 chain mail of Wariness {rElec Will+
                  | Str-3}
 80100 | Depths:3 | Found Cusigaq's Assorted Antiques.
 80116 | Depths:3 | Bought a scroll of magic mapping for 300 gold pieces
 80138 | Depths:3 | Reached skill level 26 in Earth Magic
 80593 | Depths:3 | Learned a level 3 spell: Swiftness
 80785 | Depths:3 | Reached skill level 10 in Fighting
 80799 | Depths:3 | Noticed a juggernaut
 80805 | Depths:3 | Killed a juggernaut
 81116 | Depths:3 | Found a one-way gate to the infinite horrors of the Abyss.
 81257 | Depths:4 | Entered Level 4 of the Depths
 81427 | Depths:4 | Noticed a juggernaut
 81579 | Depths:3 | Killed a juggernaut
 82362 | Depths:4 | Found a portal to a secret trove of treasure.
 82747 | Depths:4 | Found a gate to the Realm of Zot.
 83163 | Zot:1    | Entered Level 1 of the Realm of Zot
 83606 | Zot:1    | Reached XP level 25. HP: 146/152 MP: 35/46
 83919 | Zot:1    | Reached skill level 27 in Earth Magic
 84210 | Zot:1    | Reached skill level 15 in Fighting
 84825 | Zot:2    | Noticed a Killer Klown
 84986 | Zot:2    | Killed a Killer Klown
 86474 | Zot:2    | Identified the +1 leather armour of Defence {Rampage Will+
                  | rCorr}
 87973 | Depths:4 | You paid a toll of +2 shadow dragon scales to enter a
                  | treasure trove
 87974 | Trove    | Entered a treasure trove
 87984 | Trove    | Identified the ring of Keetuumu {rF+ Int+4}
 87989 | Trove    | Identified the ring "Bixoof" {Fly Str+6 Dex-5}
 87992 | Trove    | Identified the ring of Ofrihuo {rF+ Will+ Dex+3}
 88019 | Trove    | Identified the ring of Doubts {rF++ Will+ AC+4}
 88027 | Trove    | Identified the ring "Amirch Ziyp" {rPois Will+}
 88047 | Trove    | Identified the +0 buckler of Ceeruurph {rC+ rCorr Int+2
                  | Dex+4 Slay-5}
 88053 | Trove    | Identified the +1 hat "Xeilana" {rF+ rN+}
 88061 | Trove    | Identified the amulet of the Haunted God {Spirit Rampage}
 88063 | Trove    | Identified the amulet "Uthur" {Reflect +Inv Int+3 Dex-3
                  | SH+5}
 88290 | Zot:3    | Noticed a Killer Klown
 88302 | Zot:3    | Killed a Killer Klown
 88474 | Zot:3    | Noticed a Killer Klown
 88477 | Zot:3    | Noticed an orb of fire
 88478 | Zot:3    | Killed a Killer Klown
 88482 | Zot:3    | Gained mutation: You are clumsy. (Dex -2) [an orb of fire]
 88484 | Zot:3    | Lost mutation: Your spells are a little harder to cast, but
                  | a little more powerful. [an orb of fire]
 88509 | Zot:3    | Gained mutation: Your magical capacity is low. (-10% MP)
                  | [an orb of fire]
 88511 | Zot:3    | Gained mutation: You occasionally lose the ability to read
                  | scrolls when taking damage. [an orb of fire]
 89703 | Zot:3    | Killed an orb of fire
 92366 | Zot:4    | Reached XP level 26. HP: 168/168 MP: 40/42
 94280 | D:5      | Killed Discosetron's ghost
 94752 | D:14     | Bought a manual of Fighting for 1440 gold pieces
 94940 | Snake:2  | Killed Dadghomedgh's ghost
 95370 | Depths:1 | Killed DavidChitty2's ghost
 95743 | Zot:5    | Entered Level 5 of the Realm of Zot
 96378 | Depths:3 | Voluntarily entered the Abyss.
 96398 | Abyss:2  | Found a corrupted altar of Lugonu.
 96456 | Abyss:2  | Gained mutation: You are weak. (Str -2) [a neqoxec]
 96544 | Abyss:3  | Found a corrupted altar of Lugonu.
 96544 | Abyss:3  | Found a corrupted altar of Lugonu.
 96544 | Abyss:3  | Found a corrupted altar of Lugonu.
 96560 | Abyss:3  | Gained mutation: You have hidden genetic potential. [a
                  | neqoxec]
 96733 | Abyss:3  | Got an abyssal rune of Zot
 96764 | Abyss:3  | Found a corrupted altar of Lugonu.
 96767 | Depths:3 | Escaped the Abyss
 97182 | D:12     | Lost mutation: You have hidden genetic potential. [potion
                  | of mutation]
 97182 | D:12     | Lost mutation: You occasionally lose the ability to read
                  | scrolls when taking damage. [potion of mutation]
 97182 | D:12     | Lost mutation: Your magical capacity is low. (-10% MP)
                  | [potion of mutation]
 97182 | D:12     | Lost mutation: Your body often deteriorates upon taking
                  | damage. [potion of mutation]
 97182 | D:12     | Gained mutation: You are robust. (+10% HP) [potion of
                  | mutation]
 97351 | Pan      | Entered Pandemonium
 97395 | Pan      | Gained mutation: Potions cannot restore your health. [a
                  | cacodemon]
 97397 | Pan      | Gained mutation: You occasionally shout uncontrollably at
                  | your foes. [a cacodemon]
 97853 | Pan      | Noticed Watzyl the pandemonium lord
 97881 | Pan      | Killed Watzyl the pandemonium lord
 98084 | Pan      | Gained mutation: You frequently scream uncontrollably at
                  | your foes. [a cacodemon]
 98233 | Pan      | Annihilated by a juggernaut simulacrum

Illustrated notes

Levels and vault maps discovered:
D:1:      dpeg_arrival_round_b, layout_loops_ring, basic_ecumenical_altar,
          chequers_serial_rivers_large_b, chequers_serial_rivers_room_a,
          serial_bayou_pond_d, minmay_box_of_dots
D:2:      layout_basic, minivault_27
D:3:      layout_rooms, nicolae_vehumet_radiance, nzn_hepliaklqana_mist_gate,
          serial_bayou_lake_a
D:4:      layout_basic, nicolae_overflow_hidden_temple,
          minmay_temple_entry_ruins, uniq_ijyb, uniq_grinder
D:5:      layout_loops_corners, gammafunk_ghost_mausoleum
D:6:      layout_loops_cross, nicolae_wu_jian_glorious_leap
D:7:      layout_loops_ring, okawaru_ov_weapons_minmay
D:8:      layout_loops_ring
D:9:      layout_roguey
D:10:     gammafunk_the_bubble [the_bubble_gammafunk_roulette],
          layout_loops_ring, dpeg_oklobed_lair, serial_ice, serial_ice_l,
          serial_ice_a, serial_ice_c, serial_ice_g
D:11:     layout_gridville, trog_three_pillars_becter, uniq_harold, uniq_lodul,
          uniq_josephine
D:12:     minmay_five_octagons, layout_cave_pods, orc_0_dummy,
          portal_ice_cave_entry_pillars_2, serial_shops,
          nicolae_shop_mannequins, shop, nicolae_elevator_lobby_plus,
          uniq_jorgrun
D:13:     wad_mega_maze, layout_long_grid, grunt_dithmenos_smoke_and_mirrors
D:14:     layout_basic, grunt_vaults_entry_tiered, basic_altar,
          nicolae_shop_self_help
D:15:     gammafunk_depths_entry_grave, layout_stronghold, serial_shops,
          nicolae_shop_tiny_glass, minmay_pinched_square
Temple:   eino_temple_scatter_basement
Lair:1:   layout_small_grid, uniq_fannar
Lair:2:   layout_gridlike, serial_bayou, serial_bayou_pond_a,
          serial_bayou_lagoon_b, serial_bayou_shore_a, serial_bayou_pond_a,
          serial_bayou_lagoon_a, serial_bayou_shore_b
Lair:3:   minmay_lair_oklob_chamber, layout_cave_pods, shoals_dummy_entry,
          guppyfry_snake_entry_island, chequers_serial_rivers_large_a
Lair:4:   layout_cave_pods, evilmike_ambush [evilmike_ambush_outer_corners,
          evilmike_ambush_inner_basic], grunt_megastairs_1
Lair:5:   evilmike_catoblepas_cave, layout_regular_city, slime_entry_1,
          lemuel_fruit_tree, uniq_nessos
Shoals:1: layout_shoals
Shoals:2: cheibrodos_shoals_baths, layout_shoals, uniq_polyphemus, uniq_kirke
Shoals:3: layout_shoals, nicolae_shoals_cliffside_cave,
          nicolae_shoals_lost_giant_baths, nicolae_shoals_arrival_archipelago
Shoals:4: shoals_end_simple, layout_shoals, uniq_roxanne
Snake:1:  layout_misc_corridors, nicolae_snake_serpentine_hallways,
          serial_bayou_pond_e, nicolae_snake_horde_hoard
Snake:2:  layout_onion_interference, ebering_ghost_xom, serial_shops, shop
Snake:3:  layout_misc_corridors, nicolae_snake_salamander_fort, uniq_nikola
Snake:4:  minmay_snake_end_coiled, layout_cave_town, minmay_shop_star,
          uniq_aizul
Slime:1:  layout_caves
Slime:2:  layout_caves
Slime:3:  layout_caves
Slime:4:  layout_caves, nicolae_slime_getting_an_eyeful
Slime:5
Orc:1:    layout_caves
Orc:2:    st_orc_town, layout_caves, serial_shops, bzr_firewalk
Elf:1:    layout_geoelf_octagon, evilmike_minifort, grunt_ministairs_10,
          minivault_5
Elf:2:    nicolae_elf_blades_crystal_corner, layout_loops_cross, uniq_donald
Elf:3:    grunt_elf_hall_asides, layout_loops_ring, serial_shops, shop
Vaults:1: nicolae_vaults_ellipses_ellipsis, v_pattern_2,
          nicolae_vaults_asterisk, v_misc_12, nicolae_vaults_closet_pinwheel_4,
          v_misc_1, v_rooms_4, ontoclasm_vaults_idyll,
          ontoclasm_vaults_shuriken, nicolae_vaults_diamond_2,
          nicolae_vaults_tetromino_Z_2, ontoclasm_vaults_ring_square,
          layout_vaults_omnicross
Vaults:2: v_alt_pattern_5, blue_anna_dwarven_crypt,
          nicolae_vaults_closet_pinwheel_3, vaults_mumra_chevron,
          grunt_vaults_twisty, hangedman_vaults_nodes, st_lattice,
          v_alt_pattern_2, nicolae_vaults_oval_intersection,
          vaults_dpeg_diagonal, vaults_room_pools, v_rooms_6,
          nicolae_vaults_offset_grid_hallway_4, vaults_room_fancy_cross,
          layout_vaults_omnibox
Vaults:3: nicolae_vaults_network_square, hangedman_vaults_stretched_pinwheel,
          vaults_standard_mumra_x, ontoclasm_vaults_fault,
          nicolae_vaults_display_case, dpeg_vaults_monster_box,
          vaults_room_fours, layout_vaults_omnigrid
Vaults:4: nicolae_vaults_closet_pinwheel_6, nicolae_vaults_closet_pinwheel_1,
          nicolae_vaults_surprise_closet_hard, nicolae_vaults_trapezoid_1,
          nicolae_vaults_angled_halls, nicolae_vaults_door_testing_chamber,
          v_misc_12, nicolae_vaults_apartment_1,
          nicolae_vaults_little_squares_6, nicolae_vaults_yaktaur_gun_rack,
          layout_vaults_big_room, serial_shops, shop
Vaults:5: uniq_sojobo
Crypt:1:  layout_regular_city, minmay_guarded_unrand_skullcrusher,
          grunt_crypt_arrival_webbed, uniq_grunn, uniq_mennas
Depths:1: layout_roguey, enter_ziggurat_e, ebering_ghost_inner_flame,
          serial_aquarium, aquarium_bridge_square [aquarium_subvault_balcony,
          aquarium_subvault_wall, aquarium_subvault_bridge,
          aquarium_subvault_wall], aquarium_bridge_island_large
          [aquarium_subvault_large_water, aquarium_subvault_bridge,
          aquarium_subvault_wall, aquarium_subvault_bridge,
          aquarium_subvault_balcony], aquarium_window_fake,
          aquarium_window_corner, aquarium_window_1, aquarium_view_2c,
          aquarium_view_2e, pf_coc_iceberg, kennysheep_generic_room_8,
          serial_bayou_shore_b
Depths:2: hangedman_arch_fort, layout_cave_shapes, rand_demon_pan_entry_7,
          hell_entry, nicolae_figureground_sparkle, infiniplex_staircase_pool_1
Depths:3: minmay_the_grid_octo_2x2 [minmay_the_grid_octo_77,
          minmay_the_grid_octo_horde, minmay_the_grid_octo_empty,
          minmay_the_grid_octo_prize_single_spiral], layout_gridlike,
          hell_entry, abyss_entry_crystal, serial_shops, shop_coins,
          chequers_jeans, infiniplex_staircase_squiggle
Depths:4: grunt_zot_entry_alcove, layout_small_grid, enter_trove_3, hell_entry,
          minmay_misc_feat_iff, hangedman_aviary
Zot:1:    layout_misc_corridors
Zot:2:    nicolae_moth_party, layout_gridlike, zot_minivault_4,
          grunt_megastairs_4
Zot:3:    layout_basic
Zot:4:    layout_misc_corridors, st_small_dragon_hoard_1, st_stairs_12,
          grunt_ministairs_1
Zot:5:    layout_basic
Pan:      grunt_pan_frozen_over, layout_onion_city

Skill      XL: |  1  2  3  4  5  6  7  8  9 10 11 12 13 14 15 16 17 18 19 20 21 22 23 24 25 26 |
---------------+-------------------------------------------------------------------------------+-----
Conjurations   | 1 2 3 5 6 7 10 11 | 11.0
Earth Magic    | 4 5 6 8 9 11 13 14 15 17 19 20 21 23 24 25 26 27 | 27.0
Dodging        | 2 3 4 5 6 7 9 10 11 13 14 15 16 17 18 19 20 | 20.4
Spellcasting   | 3 4 5 7 8 10 11 12 14 15 16 17 18 19 20 | 20.4
Armour         | 5 9 12 14 | 14.0
Shields        | 5 |  5.0
Invocations    | 3 |  3.4
Evocations     | 6 9 10 11 | 11.6
Fighting       | 2 8 13 18 19 | 19.7
Translocations | 4 |  4.5
Stealth        | |  2.1
Transmutations | |  0.7

Action                     |  1- 3 |  4- 6 |  7- 9 | 10-12 | 13-15 | 16-18 | 19-21 | 22-24 | 25-27 || total
---------------------------+-------+-------+-------+-------+-------+-------+-------+-------+-------++-------
  Melee: Dagger            |    11 |    27 |    47 |       |       |       |       |       |       ||    85
         Staff             |       |       |       |    15 |     7 |    11 |     3 |     4 |     6 ||    46
         Punch             |       |       |       |     1 |       |     1 |       |       |       ||     2
         Falchion          |       |       |       |     4 |    22 |       |       |       |       ||    26
         Broad axe         |       |       |       |       |    28 |    70 |     8 |       |    41 ||   147
  Throw: Dart              |       |       |       |       |     2 |       |       |       |       ||     2
   Cast: Sandblast         |    59 |    37 |   117 |    87 |   161 |    37 |       |       |     1 ||   499
         Stone Arrow       |       |     8 |    43 |   255 |   621 |   325 |    42 |       |       ||  1294
         Petrify           |       |       |       |     5 |     1 |       |       |       |       ||     6
         Summon Guardian G |       |       |       |     3 |       |       |       |       |       ||     3
         Iskenderun's Batt |       |       |       |    12 |    60 |    24 |     2 |     4 |     1 ||   103
         Mephitic Cloud    |       |       |       |     7 |    14 |       |       |       |       ||    21
         Blink             |       |       |       |     5 |    18 |     6 |     2 |     4 |     5 ||    40
         Leda's Liquefacti |       |       |       |     4 |     4 |       |       |       |       ||     8
         Lee's Rapid Decon |       |       |       |       |     5 |     6 |     2 |     4 |       ||    17
         Lehudib's Crystal |       |       |       |       |    21 |    24 |       |    91 |    59 ||   195
         Iron Shot         |       |       |       |       |     3 |   413 |   545 |   463 |   359 ||  1783
         Shatter           |       |       |       |       |       |     2 |    21 |    52 |     7 ||    82
  Evoke: Wand              |       |       |       |     3 |     1 |     3 |     7 |       |    20 ||    34
         Phial of floods   |       |       |       |       |     1 |     1 |       |       |       ||     2
         Phantom mirror    |       |       |       |       |       |     1 |       |     1 |     1 ||     3
         Box of beasts     |       |       |       |       |       |       |       |       |     1 ||     1
    Use: Scroll            |     2 |     4 |     5 |     7 |    19 |     9 |     4 |     4 |    12 ||    66
         Potion            |       |       |       |     1 |     3 |     3 |     2 |     8 |    15 ||    32
   Stab: Sleeping          |       |     1 |       |       |       |       |       |       |       ||     1
         Petrified         |       |       |       |       |     3 |       |       |       |       ||     3
         Distracted        |       |       |       |       |       |       |       |       |     1 ||     1
 Armour: Steam dragon scal |     7 |    13 |    63 |    81 |       |       |       |       |       ||   164
         Robe              |     1 |       |       |     3 |   112 |       |       |     4 |       ||   120
         Troll leather arm |       |       |       |       |   123 |   243 |   131 |    33 |       ||   530
         Fire dragon scale |       |       |       |       |       |       |       |   130 |   375 ||   505
         Ice dragon scales |       |       |       |       |       |       |       |       |    14 ||    14
  Dodge: Dodged            |    14 |    21 |    54 |   114 |   337 |   513 |   269 |   184 |   332 ||  1838
         Repelled          |       |       |     2 |     3 |    16 |    64 |    12 |     6 |       ||   103
  Block: Other             |       |       |       |       |    58 |   122 |    28 |       |       ||   208
         Reflection        |       |       |       |       |    10 |    25 |    44 |    17 |     8 ||   104
         Buckler           |       |       |       |       |       |       |   105 |   174 |   327 ||   606
